 Dungeon Crawl Stone Soup version 0.30-a0-782-ge64f9170bb (webtiles) character file.

Game seed: 2073891244601782090

347 Leeroy the Carver (level 6, -1/44 HPs)
             Began as a Merfolk Gladiator on Feb 25, 2023.
             Slain by a gnoll
             ... wielding a +0 spear
              (4 damage)
             ... on level 4 of the Dungeon.
             The game lasted 00:06:20 (2988 turns).

Leeroy the Carver (Merfolk Gladiator)               Turns: 2988, Time: 00:06:21

Health: -1/44      AC:  5    Str: 22    XL:     6   Next: 59%
Magic:  6/6        EV: 13    Int:  8    God:
Gold:   1118       SH:  0    Dex: 17    Spells: 5/5 levels left

rFire   . . .      SeeInvis .    r - +6 falchion of Conscience {venom, Str+2}
rCold   . . .      Faith    .    (no shield)
rNeg    . . .      Spirit   .    p - +0 troll leather armour
rPois   .          Reflect  .    c - +0 helmet
rElec   .          Harm     .    (no cloak)
rCorr   .          Rampage  .    (no gloves)
Will    +....                    (no boots)
Stlth   +                        (no amulet)
HPRegen 1.07/turn                m - ring of willpower
MPRegen 0.10/turn                y - +6 ring of strength

@: no status effects
A: (nimble swimmer 2), mertail
a: no special abilities


You were on level 4 of the Dungeon.
You visited 1 branch of the dungeon, and saw 6 of its levels.

You collected 1340 gold pieces.
You spent 222 gold pieces at shops.

Inventory:

Hand Weapons
 a - a +0 long sword
 f - the +2 double sword of the Fortifying Rat {antimagic, *Noise Fly rN+ Will+}
   (You acquired it on level 4 of the Dungeon)

   rN:        It protects you from negative energy.
   Fly:       It grants you flight.
   *Noise:    It may make noises in combat.
   Will:      It increases your willpower.
 n - a +0 great sword
 r - the +6 falchion of Conscience (weapon) {venom, Str+2}
   (You bought it in a shop on level 4 of the Dungeon)

   Str:       It affects your strength (+2).
 w - a +1 spear of venom
Missiles
 d - 3 throwing nets
 e - 3 javelins
 h - 6 boomerangs
 q - 11 poisoned darts (quivered)
Armour
 b - a +0 leather armour
 c - a +0 helmet (worn)
 p - a +0 troll leather armour (worn)
Jewellery
 m - a ring of willpower (left hand)
 y - a +6 ring of strength (right hand)
Scrolls
 k - 3 scrolls of teleportation
 l - a scroll of poison
 s - 2 scrolls of blinking
Potions
 g - a potion of brilliance {unknown}
 i - 4 potions of flight {unknown}
 j - 2 potions of haste {unknown}
 o - 3 potions of lignification {unknown}
 t - 2 potions of degeneration {unknown}
 u - a potion of invisibility {unknown}
 v - 3 potions of curing {unknown}
 x - a potion of heal wounds


   Skills:
 - Level 2.1 Fighting
 + Level 8.7 Long Blades
 - Level 2.0 Throwing
 - Level 4.0 Dodging


You had 5 spell levels left.
You didn't know any spells.
Your spell library contained the following spells:

 Spells                   Type           Power      Damage    Failure   Level
 Shock                    Conj/Air       0%         1d3       45%         1
 Ensorcelled Hibernation  Hex/Ice        0%         N/A       58%         2
 Dazzling Flash           Conj/Hex       0%         N/A       83%         3
 Spider Form              Tmut/Pois      0%         N/A       83%         3
 Swiftness                Air            0%         N/A       83%         3
 Airstrike                Air            0%         2d(0-16)  99%         4
 Anguish                  Hex/Necr       0%         N/A       99%         4
 Iskenderun's Mystic Bla  Conj/Tloc      0%         2d3       99%         4
 Summon Ice Beast         Ice/Summ       0%         N/A       99%         4
 Summon Mana Viper        Hex/Summ       0%         N/A       100%        5
 Starburst                Conj/Fire      0%         6d3       100%        6
 Monstrous Menagerie      Summ           0%         N/A       100%        7


Dungeon Overview and Level Annotations

Branches:
Dungeon (6/15)
 Temple: D:4-7

Altars:
Vehumet

Shops:
D:4 (*


Innate Abilities, Weirdness & Mutations

((You are very nimble when in or above water. (Stealth+, EV+, Speed+++)))
Your lower body shifts to a powerful aquatic tail in water.


Message History

The gnoll hits you from afar with a +0 halberd.
You hit the gnoll.
The gnoll is moderately wounded.
The gnoll hits you with a +0 spear. The gnoll barely misses you.
You hit the gnoll.
The gnoll is poisoned.
The gnoll is almost dead.
The gnoll hits you with a +0 spear. The gnoll closely misses you.
You kill the gnoll!
You hear the slow hiss of a very distant avalanche of sand.
You hear the slow rusting of a distant drain.
The gnoll completely misses you. The gnoll misses you. x2
You completely miss the gnoll. The gnoll closely misses you.
The gnoll hits you but does no damage.
You barely miss the gnoll. You hit the gnoll.
The gnoll is moderately wounded.
The gnoll hits you with a +0 halberd! The gnoll closely misses you.
You hit the gnoll.
The gnoll is poisoned.
The gnoll is severely wounded.
The gnoll hits you with a +0 halberd! The gnoll misses you.
The gnoll hits you from afar with a +0 halberd!
You kill the gnoll!
The gnoll closely misses you.
The gnoll hits you from afar with a +2 spear of flaming.
The gnoll burns you. The gnoll barely misses you.
You hit the gnoll.
The gnoll is lightly wounded.
The gnoll misses you. The gnoll hits you with a +0 spear.
You barely miss the gnoll.
The gnoll is lightly wounded.
The gnoll hits you from afar with a +2 spear of flaming!
The gnoll burns you.
* * * LOW HITPOINT WARNING * * *
The gnoll hits you with a +0 spear.
* * * LOW HITPOINT WARNING * * *
The gnoll attacks as you move away! The gnoll hits you with a +0 spear.
* * * LOW HITPOINT WARNING * * *
The gnoll hits you from afar with a +0 spear.
You die...

.........∩#
###.......######
#............#
#.......####.#
#.......# #.#
#.......# #.#
#######
####.#### #.#
#<).g.# #.#
#.#####.###.# #.
#..@.gg.# #.#
######..# #g.#
#.....g.#
#.#####.# ..# .#
##.# .# #.# .#
#.. .#


You could see 2 gnolls.

Vanquished Creatures
  A phantom (D:4)
  A scorpion (D:5)
  An iguana (D:6)
  Robin (D:2)
  6 gnolls
  4 adders
  An ufetubus (D:5)
  A dart slug (D:1)
  4 orcs
  9 ball pythons
  3 endoplasms
  14 goblins
  9 hobgoblins
  4 jackals (D:1)
  4 kobolds
  3 quokkas
  2 bats (D:1)
  4 frilled lizards
  6 rats
78 creatures vanquished.

Notes
Turn   | Place    | Note
-------+----------+-------------------------------------------
     0 | D:1      | Leeroy the Merfolk Gladiator began the quest for the Orb.
     0 | D:1      | Reached XP level 1. HP: 16/16 MP: 1/1
    82 | D:1      | Reached skill level 4 in Long Blades
   167 | D:1      | Reached XP level 2. HP: 22/22 MP: 2/2
   584 | D:1      | Reached XP level 3. HP: 25/27 MP: 3/3
   599 | D:1      | Reached skill level 5 in Long Blades
  1238 | D:2      | Reached XP level 4. HP: 27/33 MP: 4/4
  1449 | D:2      | Noticed Robin
  1457 | D:2      | Killed Robin
  1458 | D:2      | Reached skill level 6 in Long Blades
  2204 | D:3      | Found a radiant altar of Vehumet.
  2247 | D:3      | You fall into a shaft and drop 3 floors!
  2263 | D:6      | Reached XP level 5. HP: 10/38 MP: 5/5
  2364 | D:6      | Noticed an ogre
  2380 | D:5      | Entered Level 5 of the Dungeon
  2412 | D:5      | Reached skill level 7 in Long Blades
  2823 | D:4      | Reached XP level 6. HP: 44/44 MP: 6/6
  2844 | D:4      | Identified 2 scrolls of acquirement
  2846 | D:4      | Acquired the +2 double sword of the Fortifying Rat
                  | {antimagic, *Noise Fly rN+ Will+}
  2848 | D:4      | Acquired 1144 gold pieces
  2854 | D:4      | Reached skill level 8 in Long Blades
  2866 | D:4      | Found Xulael's Antique Weapon Emporium.
  2878 | D:4      | Bought a bloodstained falchion for 152 gold pieces
  2878 | D:4      | Identified the +6 falchion of Conscience {venom, Str+2}
                  | (You bought it in a shop on level 4 of the Dungeon)
  2923 | D:4      | Found Ibyuzo Tull's General Store.
  2933 | D:4      | Bought a potion of heal wounds for 70 gold pieces
  2988 | D:4      | HP: 2/44 [gnoll/+0 spear (4)]
  2988 | D:4      | Slain by a gnoll

Illustrated notes

Levels and vault maps discovered:
D:1:      roderic_octagonal_star, layout_basic
D:2:      layout_loops_cross, uniq_robin
D:3:      layout_basic, old_standard_altar, gammafunk_temple_overflow_wave
D:4:      black_bear_nest_1, layout_loops_ring, nicolae_dithmenos_shadow_blocks,
          minmay_temple_entry_enclosed_plants, serial_shops, nicolae_shop_trees,
          shop, shop, nicolae_ossuary_entry_false_entrances,
          portal_sewer_entry_b
D:5:      layout_basic, nrook_mini_vaults
D:6:      layout_rooms, nicolae_elyvilon_temple_path, hex_intersection,
          uniq_menkaure

Skill      XL: |  1  2  3  4  5  6 |
---------------+-------------------+-----
Long Blades    | 4 5 6 7 8 |  8.7
Fighting       | |  2.1
Throwing       | |  2.0
Dodging        | |  4.0

Action                     |  1- 3 |  4- 6 || total
---------------------------+-------+-------++-------
  Melee: Long sword        |    54 |       ||    54
         Great sword       |    50 |    90 ||   140
         Falchion          |       |    10 ||    10
         Double sword      |       |     7 ||     7
  Throw: Throwing net      |       |     2 ||     2
         Dart              |       |     5 ||     5
    Use: Scroll            |       |     6 ||     6
   Stab: Sleeping          |     2 |       ||     2
 Armour: Leather armour    |    21 |       ||    21
         Troll leather arm |    25 |    32 ||    57
  Dodge: Dodged            |    84 |   108 ||   192

Table legend: (Time is in decaauts)
 A = Elapsed time spent in this place.
 B = Non-inter-level travel time spent in this place.
 C = Inter-level travel time spent in this place.
 D = Time resting spent in this place.
 E = Time spent auto-exploring this place.
 F = Levels seen in this place.
 G = Mean time per level.
                   A        B        C        D        E       F      G
               +--------+--------+--------+--------+--------+-----+--------+
         Total |   3047 |   2979 |     68 |    531 |   1621 |   6 |  507.8 |
       Dungeon |   3047 |   2979 |     68 |    531 |   1621 |   6 |  507.8 |
               +--------+--------+--------+--------+--------+-----+--------+

Top non-repeatable levels by time:
     D:1: 917 daAuts
     D:2: 863 daAuts
     D:3: 519 daAuts
     D:5: 442 daAuts
     D:4: 170 daAuts
     D:6: 134 daAuts
